Match 36827168
Unlisted

Match 36827168
End
Royal Engineer Section
Construct Section Command Post
Infantry Section
Infantry Section
Infantry Section
Infantry Section
Construct Field Infirmary
Construct Platoon Command Post
Infantry Training
Selects Heavy Armor Battlegroup
Selects Rigorous Vehicle Training
Vickers Machine Gun Team
Selects Crusader AA Medium Tank
Crusader AA Medium Tank
Grenade Package
6-pounder Anti-tank Gun Team
Royal Engineer Section
Construct Company Command Post
Selects UNKNOWN (2162094)
Royal Engineer Section
DibbeTC
Pet Shop
0
0

Comments sign in to comment!

No comments posted yet!